 Dungeon Crawl Stone Soup version 0.31-a0-569-g7ea453304b (webtiles) character file.

Game seed: 5307734180889817372

209 Ethylacetat the Ducker (level 5, 0/23 HPs)
             Began as an Octopode Gladiator on Aug 18, 2023.
             Slain by an orc priest
             ... wielding a +0 hand axe
              (2 damage)
             ... on level 3 of the Dungeon.
             The game lasted 00:02:48 (2166 turns).

Ethylacetat the Ducker (Octopode Gladiator)         Turns: 2166, Time: 00:02:48

Health: 0/23       AC:  1    Str: 13    XL:     5   Next: 87%
Magic:  5/5        EV: 14    Int: 11    God:
Gold:   221        SH:  0    Dex: 15    Spells: 4/4 levels left

rFire   . .          .
                       - Unarmed
rCold   . . .        (shield currently unavailable)
rNeg    . . .        a - +0 hat
rPois   +            (no amulet)
rElec   .            r - ring of poison resistance
rCorr   .            (no ring)
SInv    .            (no ring)
Will    .....        (no ring)
Stlth   +            (no ring)
HPRegen 0.23/turn    (no ring)
MPRegen 0.09/turn    (no ring)
                     (no ring)

%: no passive effects
@: flux-form, glowing
A: glow, contaminating, reduced hp, almost no armour, amphibious, 8 rings,
camouflage 1, gelatinous body 1, (nimble swimmer 1), tentacles
a: Begin Untransformation


You were on level 3 of the Dungeon.
You were something dangerously unstable.
You visited 1 branch of the dungeon, and saw 3 of its levels.

You collected 221 gold pieces.

Inventory:

Missiles
 b - 3 throwing nets (quivered)
 c - a javelin
Armour
 a - a +0 hat (worn)
Jewellery
 r - a ring of poison resistance (left tentacle)
Talismans
 i - a serpent talisman
 n - a flux talisman (active)
Wands
 p - a wand of mindburst (17)
Scrolls
 d - 2 scrolls of teleportation {unknown}
 e - 3 scrolls of identify {unknown}
 f - 2 scrolls of poison {unknown}
 j - a scroll of blinking {unknown}
 m - 2 scrolls of immolation {unknown}
 q - a scroll of amnesia {unknown}
 s - a scroll of enchant weapon {unknown}
 t - a scroll of fear {unknown}
Potions
 g - a potion of invisibility {unknown}
 h - 2 potions of curing {unknown}
 k - 2 potions of cancellation {unknown}
 l - 2 potions of heal wounds {unknown}
 o - a potion of brilliance {unknown}


   Skills:
 + Level 3.1 Fighting
 - Level 2.0 Throwing
 + Level 3.9 Dodging
 + Level 3.9 Unarmed Combat
 * Level 2.5 Shapeshifting


You had 4 spell levels left.
You didn't know any spells.
Your spell library contained the following spells:

 Spells                   Type           Power      Damage    Failure   Level
 Apportation              Tloc           0%         N/A       34%         1
 Necrotise                Necr           0%         1d4       34%         1
 Summon Small Mammal      Summ           0%         N/A       34%         1


Dungeon Overview and Level Annotations

Branches:
Dungeon (3/15)

Altars:
Vehumet


Innate Abilities, Weirdness & Mutations

You are something dangerously unstable.
You glow with magical radiation, making you easy to see and hit.
Foes you strike become dangerously contaminated with magical radiation.
Your maximum health is decreased, since you lack skill for your form.
You are incapable of wielding weapons or throwing items.
You cannot wear most types of armour.
You are amphibious.
You can wear up to eight rings at the same time.
Your skin changes colour to match your surroundings (Stealth+).
Your rubbery body absorbs attacks. (AC +1, EV +1)
((You are camouflaged when in or above water. (Stealth+)))
You have tentacles for arms and can constrict up to eight enemies at once.


Message History

You tentacle-slap the orc priest but do no damage.
The orc priest begins to glow.
You grab the orc priest. You constrict the orc priest.
The orc priest calls down the wrath of Beogh upon you.
Beogh smites you!
Ouch! That really hurt!
The orc priest invokes the aid of Beogh against you.
You barely resist. You tentacle-slap the orc priest.
The orc priest glows dangerously bright.
The orc priest is lightly wounded.
You constrict the orc priest.
The orc priest struggles to escape constriction.
The orc wizard gestures wildly while chanting.
The orc wizard flickers and vanishes!
Deactivating autopickup; reactivate with Ctrl-A.
You tentacle-slap the orc priest.
The orc priest shudders as magic cascades through it!
The orc priest twists and deforms.
The orc priest is almost dead.
You constrict the orc priest.
You kill the orc priest!
You tentacle-slap the orc priest but do no damage.
The orc priest begins to glow.
You grab the orc priest.
You constrict the orc priest, but do no damage.
The orc priest hits you with a +0 hand axe.
* * * LOW HITPOINT WARNING * * *
The orc priest hits you but does no damage.
The orc completely misses you.
You tentacle-slap the orc priest but do no damage.
The orc priest glows dangerously bright.
You constrict the orc priest, but do no damage.
The orc priest hits you with a +0 hand axe.
* * * LOW HITPOINT WARNING * * *
The orc priest closely misses you. The orc barely misses you.
You tentacle-slap the orc priest but do no damage.
The orc priest shudders as magic cascades through it!!
You kill the orc priest!
The orc priest hits you with a +0 hand axe.
You die...

#........##.#
#...#######.#
##..........#
##########.#
#######.###<###
..............#
#######.###.###
#######.#
#....oB.#
#.#.#o#J......
#.......#.####
...#.#.#.#.#
#........# #
#..#.#.#.#
##.......#
######...


You could see an orc priest, an orc and an endoplasm.

Vanquished Creatures
  A scorpion (D:3)
  2 orc priests (D:3)
  6 adders
  2 worms (D:3)
  A dart slug (D:1)
  2 orcs (D:3)
  2 ball pythons (D:1)
  5 bats
  7 endoplasms
  A giant cockroach (D:1)
  6 goblins
  6 hobgoblins
  6 jackals
  4 kobolds
  2 quokkas (D:1)
  2 frilled lizards
  A rat (D:3)
56 creatures vanquished.

Notes
Turn   | Place    | Note
-------+----------+-------------------------------------------
     0 | D:1      | Ethylacetat the Octopode Gladiator began the quest for the
                  | Orb.
     0 | D:1      | Reached XP level 1. HP: 14/14 MP: 1/1
   111 | D:1      | Reached XP level 2. HP: 19/19 MP: 2/2
   412 | D:1      | Reached XP level 3. HP: 23/25 MP: 3/3
   782 | D:2      | Found a faded altar of an unknown god.
   995 | D:2      | Reached skill level 1 in Shapeshifting
  1210 | D:2      | Reached XP level 4. HP: 30/30 MP: 4/4
  1240 | D:3      | Noticed a scorpion
  1313 | D:3      | Killed a scorpion
  1314 | D:3      | Reached XP level 5. HP: 12/36 MP: 5/5
  1892 | D:3      | Found a radiant altar of Vehumet.
  2166 | D:3      | Slain by an orc priest

Illustrated notes

Levels and vault maps discovered:
D:1:      heliophobic_arrival_enchanted_forest, layout_loops_ring
D:2:      layout_rooms, hellmonk_ecumenical_altar_dog_temple
D:3:      layout_basic, trog_antimagical, vehumet_crystals, serial_glass,
          glass_columns_b, glass_columns_a, glass_columns_a, glass_columns_c,
          dk_noncrumbling_2, minmay_misc_feat_more_columns,
          minmay_increasing_density, uniq_crazy_yiuf_cottage

Skill      XL: |  1  2  3  4  5 |
---------------+----------------+-----
Shapeshifting  | 1 2 |  2.5
Fighting       | 3 |  3.1
Throwing       | |  2.0
Dodging        | |  3.9
Unarmed Combat | |  3.9

Action                     |  1- 3 |  4- 6 || total
---------------------------+-------+-------++-------
  Melee: Unarmed           |    65 |    58 ||   123
         Constrict         |    19 |    17 ||    36
         Tentacles         |     7 |    12 ||    19
         Punch             |     4 |       ||     4
   Stab: Sleeping          |     8 |     2 ||    10
 Armour: Skin              |     3 |     1 ||     4
  Dodge: Dodged            |    33 |    31 ||    64
   Form: Flux              |       |     1 ||     1

Table legend: (Time is in decaauts)
 A = Elapsed time spent in this place.
 B = Non-inter-level travel time spent in this place.
 C = Inter-level travel time spent in this place.
 D = Time resting spent in this place.
 E = Time spent auto-exploring this place.
 F = Levels seen in this place.
 G = Mean time per level.
                   A        B        C        D        E       F      G
               +--------+--------+--------+--------+--------+-----+--------+
         Total |   2159 |   2116 |     43 |    220 |   1550 |   3 |  719.7 |
       Dungeon |   2159 |   2116 |     43 |    220 |   1550 |   3 |  719.7 |
               +--------+--------+--------+--------+--------+-----+--------+

Top non-repeatable levels by time:
     D:3: 755 daAuts
     D:1: 726 daAuts
     D:2: 677 daAuts
